 Dungeon Crawl Stone Soup version 0.30-a0-305-g026cb31310 (webtiles) character file.

Game seed: 229009746129012798

145 greenreed the Poker (level 5, -1/43 HPs)
             Began as a Gnoll Reaver on Oct 21, 2022.
             Killed from afar by an orc wizard (6 damage)
             ... with a puff of flame
             ... on level 4 of the Dungeon.
             The game lasted 00:04:23 (2881 turns).

greenreed the Poker (Gnoll Reaver)                  Turns: 2881, Time: 00:04:23

Health: -1/43      AC:  5    Str: 14    XL:     5   Next: 27%
Magic:  12/12      EV: 12    Int: 12    God:
Gold:   119        SH:  0    Dex: 10    Spells: 11/14 levels left

rFire   . . .      SeeInvis .    a - +0 spear
rCold   . . .      Faith    .    (no shield)
rNeg    . . .      Spirit   .    b - +0 leather armour
rPois   .          Reflect  .    f - +0 helmet
rElec   .          Harm     .    (no cloak)
rCorr   .          Rampage  .    (no gloves)
Will    .....                    g - +0 pair of boots
Stlth   +.........               (no amulet)
HPRegen 0.27/turn                (no ring)
MPRegen 0.13/turn                (no ring)

@: no status effects
A: fangs 1, strong nose, distributed training
a: no special abilities


You were on level 4 of the Dungeon.
You visited 1 branch of the dungeon, and saw 4 of its levels.

You collected 119 gold pieces.

Inventory:

Hand Weapons
 a - a +0 spear (weapon)
Missiles
 i - 8 poisoned darts
 k - 2 atropa-tipped darts
Armour
 b - a +0 leather armour (worn)
 f - a +0 helmet (worn)
 g - a +0 pair of boots (worn)
Scrolls
 d - a scroll of poison {unknown}
 j - a scroll of brand weapon {unknown}
 m - a scroll of enchant armour {unknown}
 n - 2 scrolls of enchant weapon {unknown}
 o - a scroll of teleportation {unknown}
 p - 2 scrolls of identify {unknown}
 s - a scroll of vulnerability {unknown}
Potions
 c - 3 potions of curing {unknown}
 e - a potion of degeneration {unknown}
 h - a potion of resistance {unknown}
 l - 2 potions of brilliance {unknown}
 q - a potion of lignification {unknown}
 r - 2 potions of might {unknown}
 t - a potion of mutation {unknown}


   Skills:
 + Level 4.8 Fighting
 + Level 1.5 Short Blades
 + Level 1.5 Long Blades
 + Level 1.5 Axes
 + Level 1.5 Maces & Flails
 + Level 6.7 Polearms
 + Level 1.5 Staves
 + Level 1.5 Ranged Weapons
 + Level 1.5 Throwing
 + Level 1.5 Armour
 + Level 4.8 Dodging
 + Level 1.5 Stealth
 + Level 1.5 Shields
 + Level 1.5 Unarmed Combat
 + Level 5.2 Spellcasting
 + Level 5.5 Conjurations
 + Level 1.2 Hexes
 + Level 1.2 Summonings
 + Level 1.2 Necromancy
 + Level 1.2 Translocations
 + Level 1.2 Transmutations
 + Level 1.2 Fire Magic
 + Level 1.2 Ice Magic
 + Level 1.2 Air Magic
 + Level 1.2 Earth Magic
 + Level 1.2 Poison Magic
 + Level 1.7 Invocations
 + Level 1.5 Evocations


You had 11 spell levels left.
You knew the following spells:

 Your Spells              Type           Power      Damage    Failure   Level
a - Kiss of Death         Conj/Necr      44%        2d8       6%          1
b - Momentum Strike       Conj/Tloc      22%        3d8       9%          2

Your spell library contained the following spells:

 Spells                   Type           Power      Damage    Failure   Level
 Hailstorm                Conj/Ice       11%        3d5       19%         3


Dungeon Overview and Level Annotations

Branches:
Dungeon (4/15)             Temple (0/1) D:4

Altars:
Dithmenos
The Shining One


Innate Abilities, Weirdness & Mutations

You have very sharp teeth.
Your uncanny sense of smell can sniff out nearby items.
Your experience applies equally to all skills.


Message History

Deactivating autopickup; reactivate with Ctrl-A.
You reach to attack!
You hit the orc but do no damage.
The orc is moderately wounded.
The orc barely misses you.
You reach to attack!
You hit the orc but do no damage.
The orc is moderately wounded.
You reach to attack!
You barely miss the orc.
The orc is moderately wounded.
An orc priest comes into view. It is wielding a +0 whip.
The orc closely misses you.
You hear some strange, mumbled words.
You are confused.
The orc priest shouts!
The orc priest calls down the wrath of Beogh upon you.
Beogh smites you!
The orc hits you from afar with a +0 trident.
You feel less confused.
The orc priest calls upon Beogh to heal the orc.
The orc's wounds heal themselves!
There is an open door here.
The orc priest calls down the wrath of Beogh upon you.
Beogh smites you!
You are confused.
You hit the orc.
The orc is severely wounded.
The orc priest calls upon Beogh to heal the orc.
The orc's wounds heal themselves!
The orc hits you with a +0 trident. The orc misses you. The orc misses you.
A magic dart appears from out of thin air!
The magic dart hits you. The orc attacks as you move away! The orc misses you.
You feel less confused.
The orc priest calls down the wrath of Beogh upon you.
Beogh smites you!
* * * LOW HITPOINT WARNING * * *
The orc closely misses you.
A puff of flame appears from out of thin air!
The puff of flame hits you.
You die...

#.....##+####'##
##......#..##...##
#................#
.....##..##o........#
.....#....#...####.##
...#.#....#.#{#######.##
...#.#.####..o..........
#.#....#.............
+####.######.###@###..###
....#........##..######
......[.#..........>...#
##..##..#..............#
#>.##..#######.########
#..######...##.### #...#
##..<..(....
#...###...........
#....##.≈≈≈≈≈≈≈≈≈.


You could see an orc priest and an orc.

Vanquished Creatures
  A hound (D:3)
  A mummy (D:4)
  2 adders (D:3)
  2 worms (D:2)
  3 dart slugs
  10 endoplasms
  3 giant cockroaches
  A goblin (D:1)
  3 hobgoblins
  14 jackals
  4 kobolds
  3 quokkas
  3 ball pythons
  6 bats
  5 frilled lizards
  2 hobgoblin zombies (D:4)
  2 orc zombies (D:4)
  5 rats
70 creatures vanquished.

Notes
Turn   | Place    | Note
-------+----------+-------------------------------------------
     0 | D:1      | greenreed the Gnoll Reaver began the quest for the Orb.
     0 | D:1      | Reached XP level 1. HP: 20/20 MP: 6/6
   272 | D:1      | Reached XP level 2. HP: 15/26 MP: 7/7
   280 | D:1      | Learned a level 2 spell: Momentum Strike
   563 | D:1      | Reached skill level 5 in Spellcasting
   563 | D:1      | Reached XP level 3. HP: 26/31 MP: 7/9
   799 | D:2      | Found a shadowy altar of Dithmenos.
  1137 | D:2      | Reached skill level 1 in Invocations
  1662 | D:2      | Reached skill level 1 in Short Blades
  1662 | D:2      | Reached skill level 1 in Long Blades
  1662 | D:2      | Reached skill level 1 in Axes
  1662 | D:2      | Reached skill level 1 in Maces & Flails
  1662 | D:2      | Reached skill level 1 in Staves
  1662 | D:2      | Reached skill level 1 in Ranged Weapons
  1662 | D:2      | Reached skill level 1 in Throwing
  1662 | D:2      | Reached skill level 1 in Armour
  1662 | D:2      | Reached skill level 1 in Stealth
  1662 | D:2      | Reached skill level 1 in Shields
  1662 | D:2      | Reached skill level 1 in Unarmed Combat
  1662 | D:2      | Reached skill level 1 in Evocations
  1697 | D:2      | Found a faded altar of an unknown god.
  1826 | D:3      | Reached skill level 1 in Hexes
  1826 | D:3      | Reached skill level 1 in Summonings
  1826 | D:3      | Reached skill level 1 in Necromancy
  1826 | D:3      | Reached skill level 1 in Translocations
  1826 | D:3      | Reached skill level 1 in Transmutations
  1826 | D:3      | Reached skill level 1 in Fire Magic
  1826 | D:3      | Reached skill level 1 in Ice Magic
  1826 | D:3      | Reached skill level 1 in Air Magic
  1826 | D:3      | Reached skill level 1 in Earth Magic
  1826 | D:3      | Reached skill level 1 in Poison Magic
  1826 | D:3      | Reached XP level 4. HP: 32/38 MP: 11/11
  2149 | D:3      | Reached XP level 5. HP: 43/43 MP: 12/12
  2574 | D:3      | Found a shadowy altar of Dithmenos.
  2718 | D:4      | Found a glowing golden altar of the Shining One.
  2773 | D:4      | Found a staircase to the Ecumenical Temple.
  2881 | D:4      | Killed from afar by an orc wizard

Illustrated notes

Levels and vault maps discovered:
D:1:      psy_arrival_basics, layout_loops_ring, minmay_tree_intersection
D:2:      layout_loops_corners, shapermc_ecumenical_altar_venn, basic_altar,
          minmay_tetromino_o2
D:3:      layout_loops_ring, nicolae_dithmenos_the_darkroom
D:4:      layout_gridville, mainiacjoe_overflow_brackets,
          minmay_temple_entry_offerings, hangedman_abyss_or_decor_stagger,
          minmay_mini_ossuary, uniq_sigmund

Skill      XL: |  1  2  3 |
---------------+----------+-----
Spellcasting   | 5 |  5.2
Invocations    | 1 |  1.7
Short Blades   | 1 |  1.5
Long Blades    | 1 |  1.5
Axes           | 1 |  1.5
Maces & Flails | 1 |  1.5
Staves         | 1 |  1.5
Ranged Weapons | 1 |  1.5
Throwing       | 1 |  1.5
Armour         | 1 |  1.5
Stealth        | 1 |  1.5
Shields        | 1 |  1.5
Unarmed Combat | 1 |  1.5
Evocations     | 1 |  1.5
Hexes          | 1 |  1.2
Summonings     | 1 |  1.2
Necromancy     | 1 |  1.2
Translocations | 1 |  1.2
Transmutations | 1 |  1.2
Fire Magic     | 1 |  1.2
Ice Magic      | 1 |  1.2
Air Magic      | 1 |  1.2
Earth Magic    | 1 |  1.2
Poison Magic   | 1 |  1.2
Fighting       | |  4.8
Polearms       | |  6.7
Dodging        | |  4.8
Conjurations   | |  5.5

Action                   |  1- 3 |  4- 6 || total
-------------------------+-------+-------++-------
Melee: Spear             |   178 |   146 ||   324
       Bite              |    17 |    14 ||    31
       Punch             |     3 |     5 ||     8
 Stab: Sleeping          |     2 |     3 ||     5
       Distracted        |       |     1 ||     1
Armor: Leather armour    |    26 |    17 ||    43
Dodge: Dodged            |    77 |    71 ||   148

Table legend: (Time is in decaauts)
 A = Elapsed time spent in this place.
 B = Non-inter-level travel time spent in this place.
 C = Inter-level travel time spent in this place.
 D = Time resting spent in this place.
 E = Time spent auto-exploring this place.
 F = Levels seen in this place.
 G = Mean time per level.
                   A        B        C        D        E       F      G
               +--------+--------+--------+--------+--------+-----+--------+
         Total |   2806 |   2688 |    118 |      0 |   2219 |   4 |  701.5 |
       Dungeon |   2806 |   2688 |    118 |      0 |   2219 |   4 |  701.5 |
               +--------+--------+--------+--------+--------+-----+--------+

Top non-repeatable levels by time:
     D:2: 945 daAuts
     D:3: 921 daAuts
     D:1: 780 daAuts
     D:4: 159 daAuts
